 Dungeon Crawl Stone Soup version 0.31-a0-986-g5e6e4ef867 (webtiles) character file.

Game seed: 1397679231734094238

4743 jasper the Severer (level 10, -17/83 HPs)
             Began as a Hill Orc Fighter on Nov 15, 2023.
             Was an Elder of Okawaru.
             Demolished by a naga warrior
             ... wielding a +0 glaive
              (40 damage)
             ... on level 9 of the Dungeon.
             The game lasted 00:10:39 (8462 turns).

jasper the Severer (Hill Orc Fighter)               Turns: 8462, Time: 00:10:39

Health: -17/83     AC: 11    Str: 24    XL:     10   Next: 46%
Magic:  14/14      EV:  8    Int:  8    God:    Okawaru [****..]
Gold:   40         SH:  5    Dex: 10    Spells: 9/9 levels left

rFire   . . .        a - +1 war axe (venom)
rCold   . . .        c - +1 buckler
rNeg    . . .        e - +0 chain mail
rPois   .            (no helmet)
rElec   .            (no cloak)
rCorr   +            (no gloves)
SInv    .            p - +0 pair of boots
Will    .....        g - amulet of regeneration Stlth
                     D - ring of resist corrosion
HPRegen 1.13/turn    (no ring)
MPRegen 0.14/turn

%: no passive effects
@: about to teleport
A: no striking features
a: Renounce Religion, Heroism, Finesse


You were on level 9 of the Dungeon.
You worshipped Okawaru.
Okawaru was greatly pleased with you.
You visited 1 branch of the dungeon, and saw 9 of its levels.

You collected 577 gold pieces.
You spent 537 gold pieces at shops.

Inventory:

Hand Weapons
 a - a +1 war axe of venom (weapon)
 n - a +1 flail of draining
 s - the +6 dagger "Qomorewn" {freeze, Str+3}
   (You found it on level 5 of the Dungeon)

   Str+3:     It affects your strength (+3).
Missiles
 m - 46 stones (quivered)
 q - 28 poisoned darts
 v - a throwing net
 C - 3 boomerangs
 J - 3 atropa-tipped darts
Armour
 b - a +0 scale mail
 c - a +1 buckler (worn)
 e - a +0 chain mail (worn)
 p - a +0 pair of boots (worn)
Jewellery
 g - an amulet of regeneration (around neck)
 w - a ring of wizardry
 B - a ring of magical power
 D - a ring of resist corrosion (left hand)
Wands
 A - a wand of iceblast (6)
 E - a wand of flame (10)
 K - a wand of quicksilver (7)
Scrolls
 h - a scroll of teleportation
 r - a scroll of brand weapon
 x - a scroll of amnesia
 y - a scroll of revelation
 G - a scroll of immolation
 H - 2 scrolls of blinking
 I - 2 scrolls of enchant weapon
 L - a scroll of vulnerability {unknown}
Potions
 d - 2 potions of might
 f - a potion of resistance
 i - 2 potions of cancellation
 j - 2 potions of haste
 k - 3 potions of mutation
 l - 4 potions of degeneration
 o - 4 potions of heal wounds
 t - 3 potions of magic
 u - 5 potions of curing
 z - 4 potions of lignification
 F - a potion of enlightenment


   Skills:
 + Level 6.2 Fighting
 - Level 16.0 Axes
 - Level 3.0 Throwing
 + Level 6.2 Armour
 - Level 3.2 Shields
 + Level 5.3 Invocations


You had 9 spell levels left.
You didn't know any spells.
Your spell library contained the following spells:

 Spells                   Type           Power      Damage    Failure   Level
 Apportation              Tloc           0%         N/A       95%         1
 Necrotise                Necr           0%         1d4       95%         1
 Dazzling Flash           Conj/Hex       0%         N/A       100%        3
 Inner Flame              Hex/Fire       0%         N/A       100%        3
 Volatile Blastmotes      Fire/Tloc      0%         2d10      100%        3
 Flame Wave               Conj/Fire      0%         2d4       100%        4
 Fulminant Prism          Conj/Hex       0%         3d5       100%        4
 Iskenderun's Mystic Bla  Conj/Tloc      0%         2d3       100%        4
 Sticky Flame             Conj/Fire      0%         2d3       100%        4
 Agony                    Necr           0%         N/A       100%        5
 Alistair's Intoxication  Tmut/Pois      0%         N/A       100%        5
 Borgnjor's Vile Clutch   Necr/Erth      0%         N/A       100%        5
 Silence                  Hex/Air        0%         N/A       100%        5
 Eringya's Noxious Bog    Tmut/Pois      0%         4d6       100%        6
 Summon Small Mammal      Summ           Unusable   N/A       N/A         1

Dungeon Overview and Level Annotations

Branches:
Dungeon (9/15)             Temple (0/1) D:7            Lair (0/5) D:9
    Orc: D:9-12

Altars:
Dithmenos
Gozag
Kikubaaqudgha
Makhleb
Okawaru
Trog
Vehumet
Wu Jian
Xom
Zin
The Shining One

Shops:
D:5 =   D:6 *   D:9 !

Annotations:
D:7 3 runed translucent doors, serber55's ghost, novice OpSh


Message History

You now have 40 gold pieces (gained 19).
The naga warrior shouts!
You hear a shout!
Found an escape hatch in the floor.
The cyclops shouts!
The naga warrior shouts!
Could not explore, unopened runed door.
You open the large door.
You can no longer enter into single combat with a foe.
Okawaru will no longer gift you throwing weapons.
There is a large open translucent door here.
Found an iron altar of Okawaru.
The portcullises are lifted away, releasing the combatants.
The doors seal shut behind you!
Found a glowing ring mail.
Found an iron altar of Okawaru.
The centaur warrior wields a +0 orcbow.
The centaur warrior shoots an arrow.
You block the arrow.
The naga warrior roars a battlecry!
The naga warrior goes into a battle-frenzy!
Found a glowing lajatang.
There is an iron altar of Okawaru here.
As you read the scroll of teleportation, it crumbles to dust.
You feel strangely unstable.
The centaur warrior shoots an arrow.
The arrow hits you!!
The naga warrior roars a battlecry!
The naga warrior goes into a battle-frenzy!
The cyclops throws a large rock.
The large rock completely misses you.
The centaur warrior shoots an arrow.
The arrow hits you.
You take 25 damage, and have 58/83 hp.
MASSIVE DAMAGE!!
There is an iron altar of Okawaru here.
The centaur warrior shoots an arrow.
The arrow hits you! The naga warrior spits poison at you.
The splash of poison misses you.
The centaur warrior shoots an arrow.
The arrow barely misses you.
There is an iron altar of Okawaru, spattered with blood here.
You take 12 damage, and have 47/83 hp.
The cyclops throws a large rock.
The large rock hits you!
The centaur warrior shoots an arrow.
The arrow hits you!
* * * LOW HITPOINT WARNING * * *
The naga warrior hits you from afar with a +0 glaive!!!
You die...

#.#.#.#.#...........##.#
#####.#.#.#.#.#.....#...##.#
........#.#.#.#.###.#...##.#
#####.#.................##.#
...##......##.#.#####...##.#
........................##.#####
#######.##.###########.........##
#######.##.# #[####)##...........
........##.# ##♣@_♣###.###.###.##
##########.# #....♣.##.....# #)#
...........##♣...♣N.♣####### #.##
#############c♣C..♣..### #.## #
#>#......♣N#># #.#. #
#..♣.♣.♣...# #####...
#♣.♣...♣....♣ #....... ###
###...♣.♣.♣....###.###### ..#
#c...♣...♣.♣.♣..>#.#


You could see 2 naga warriors, a centaur warrior and a cyclops.

Vanquished Creatures
  Erica (D:8)
  A two-headed ogre (D:8)
  Psyche (D:9)
  Grinder (D:5)
  3 yaks (D:9)
  A wyvern (D:9)
  A steam dragon (D:8)
  An acid dragon (D:9)
  A sky beast (D:6)
  A black bear (D:5)
  An ice beast (D:6)
  An orc warrior (D:8)
  An ogre (D:6)
  2 phantoms (D:5)
  3 kobold brigands
  Blork the orc (D:6)
  5 bullfrogs
  2 scorpions
  5 killer bees
  A howler monkey (D:9)
  2 hounds
  2 gnoll boudas (D:5)
  An orc priest (D:9)
  3 jellies
  4 iguanas
  5 orc wizards
  A sleepcap (D:5)
  6 gnolls (D:5)
  7 adders
  A white imp (D:6)
  2 ufetubi (D:6)
  3 worms (D:2)
  5 dart slugs
  16 orcs
  2 bats (D:1)
  7 endoplasms
  3 giant cockroaches
  5 hobgoblins
  2 jackals (D:4)
  19 kobolds
  2 quokkas
  4 ball pythons
  5 frilled lizards
  6 goblins
  3 rats
  A butterfly (D:8)
151 creatures vanquished.

Vanquished Creatures (others)
  5 dream sheep (D:5)
  A human (D:5)
  A sleepcap (D:8)
7 creatures vanquished.

Grand Total: 158 creatures vanquished

Notes
Turn   | Place    | Note
-------+----------+-------------------------------------------
     0 | D:1      | jasper the Hill Orc Fighter began the quest for the Orb.
     0 | D:1      | Reached XP level 1. HP: 19/19 MP: 1/1
    51 | D:1      | Reached skill level 3 in Axes
   115 | D:1      | Reached XP level 2. HP: 26/26 MP: 2/2
   420 | D:1      | Reached skill level 4 in Axes
   832 | D:2      | Reached XP level 3. HP: 18/31 MP: 3/3
   871 | D:2      | Reached skill level 5 in Axes
  1023 | D:2      | Reached XP level 4. HP: 29/39 MP: 4/4
  1245 | D:3      | Reached skill level 6 in Axes
  1381 | D:3      | Found an iron altar of Okawaru.
  1393 | D:3      | Became a worshipper of Warmaster Okawaru
  1513 | D:3      | Reached XP level 5. HP: 45/45 MP: 5/5
  1824 | D:4      | Reached skill level 7 in Axes
  1891 | D:4      | You fall into a shaft and drop 1 floor!
  1891 | D:5      | Entered Level 5 of the Dungeon
  1919 | D:5      | Identified the +6 dagger "Qomorewn" {freeze, Str+3}
  2152 | D:5      | Found an ancient bone altar of Kikubaaqudgha.
  2153 | D:5      | Noticed a human
  2155 | D:5      | Killed a human
  2172 | D:5      | Noticed a dream sheep
  2172 | D:5      | Noticed a dream sheep
  2172 | D:5      | Noticed a dream sheep
  2172 | D:5      | Noticed a dream sheep
  2172 | D:5      | Noticed a dream sheep
  2172 | D:5      | Found a shimmering altar of Xom.
  2176 | D:5      | Killed a dream sheep
  2177 | D:5      | Killed a dream sheep
  2177 | D:5      | Killed a dream sheep
  2177 | D:5      | Killed a dream sheep
  2177 | D:5      | Killed a dream sheep
  2291 | D:5      | Noticed a phantom
  2303 | D:5      | Killed a phantom
  2304 | D:5      | Reached skill level 8 in Axes
  2304 | D:5      | Reached XP level 6. HP: 49/51 MP: 6/6
  2960 | D:4      | Reached skill level 9 in Axes
  3408 | D:5      | Reached * piety under Okawaru
  3409 | D:5      | Reached XP level 7. HP: 56/57 MP: 7/7
  3417 | D:5      | Found Rilyaho's Jewellery Shop.
  3511 | D:5      | Reached skill level 10 in Axes
  3575 | D:5      | Reached skill level 11 in Axes
  3624 | D:5      | Found an opulent altar of Gozag.
  3655 | D:5      | Noticed Grinder
  3662 | D:5      | Killed Grinder
  3662 | D:5      | Reached ** piety under Okawaru
  3663 | D:5      | Reached skill level 12 in Axes
  3663 | D:5      | Reached XP level 8. HP: 32/64 MP: 8/8
  4216 | D:6      | Reached skill level 13 in Axes
  4359 | D:6      | Found Itown's General Store.
  4364 | D:6      | Bought a potion of curing for 39 gold pieces
  4364 | D:6      | Bought a wand of iceblast (7) for 218 gold pieces
  4593 | D:6      | Reached *** piety under Okawaru
  4594 | D:6      | Reached skill level 14 in Axes
  4836 | D:6      | Noticed Blork the orc
  4846 | D:6      | Killed Blork the orc
  5338 | D:7      | Found a runed translucent gate.
  5341 | D:7      | Found an opulent altar of Gozag.
  5342 | D:7      | Found a runed translucent gate.
  5343 | D:7      | Found a runed translucent gate.
  5343 | D:7      | Noticed a two-headed ogre
  5343 | D:7      | Noticed serber55's ghost (novice OpSh)
  5384 | D:7      | Found a staircase to the Ecumenical Temple.
  5500 | D:7      | Found an ornate altar of the Wu Jian Council.
  5506 | D:7      | Found a burning altar of Makhleb.
  5510 | D:7      | Found a glowing silver altar of Zin.
  5622 | D:7      | Found a glowing golden altar of the Shining One.
  5960 | D:7      | Reached XP level 9. HP: 50/70 MP: 9/9
  6025 | D:8      | Reached skill level 15 in Axes
  6525 | D:8      | Noticed Erica
  6541 | D:8      | Killed Erica
  6541 | D:8      | Reached **** piety under Okawaru
  6542 | D:8      | Reached skill level 16 in Axes
  6949 | D:8      | Noticed a two-headed ogre
  6956 | D:8      | Killed a two-headed ogre
  6957 | D:8      | Reached skill level 5 in Fighting
  6957 | D:8      | Reached skill level 5 in Armour
  6957 | D:8      | Reached XP level 10. HP: 56/81 MP: 8/12
  7514 | D:9      | Found a staircase to the Lair.
  7770 | D:9      | Noticed a centaur warrior
  7776 | D:9      | Found a large runed translucent door.
  7777 | D:9      | Found a large runed translucent door.
  7782 | D:9      | Noticed a naga warrior
  7817 | D:9      | Found a bloodstained altar of Trog.
  7927 | D:9      | Found Utaales's Distillery.
  7930 | D:9      | Bought 2 potions of curing for 60 gold pieces
  7930 | D:9      | Bought a potion of heal wounds for 50 gold pieces
  7930 | D:9      | Bought a potion of haste for 100 gold pieces
  7930 | D:9      | Bought a potion of might for 40 gold pieces
  7930 | D:9      | Bought a potion of lignification for 30 gold pieces
  7943 | D:9      | Reached ***** piety under Okawaru
  7944 | D:9      | Reached skill level 5 in Invocations
  7971 | D:9      | Found a radiant altar of Vehumet.
  8052 | D:9      | Noticed Psyche
  8099 | D:9      | Killed Psyche
  8222 | D:9      | Found a shadowy altar of Dithmenos.
  8247 | D:9      | Noticed a naga warrior
  8423 | D:9      | Noticed a cyclops
  8451 | D:9      | Found an iron altar of Okawaru.
  8454 | D:9      | Found an iron altar of Okawaru.
  8462 | D:9      | Demolished by a naga warrior

Illustrated notes

Levels and vault maps discovered:
D:1:      lightli_arrival_maybe_door_vault, layout_basic
D:2:      layout_rooms
D:3:      layout_rooms, old_standard_altar
D:4:      layout_layer_cave, dk_noncrumbling_2, chequers_mini_garden
D:5:      layout_basic, tgw_kikubaaqudgha, mainiacjoe_overflow_six_doors_small,
          kb_xom_exploding_sheep, serial_shops, nicolae_shop_tiny_waterfront,
          uniq_grinder
D:6:      layout_basic, serial_shops, shop, uniq_blork_the_orc
D:7:      layout_basic, nicolae_tso_carved_into_rock, minitemple,
          minmay_temple_entry_butterflies, ebering_ghost_gozag
D:8:      layout_layer_cave, uniq_erica
D:9:      okawaru_arena_lexackson, layout_basic, lemuel_doored_altar,
          mainiacjoe_overflow_swirl, lair_entry_dummy, serial_shops,
          nicolae_shop_real_fake_doors, uniq_psyche

Skill      XL: |  1  2  3  4  5  6  7  8  9 10 |
---------------+-------------------------------+-----
Axes           | 3 4 5 6 8 9 12 14 16 | 16.0
Fighting       | 5 6 |  6.2
Throwing       | 3 |  3.0
Armour         | 5 6 |  6.2
Invocations    | 3 5 |  5.3
Shields        | |  3.2

Action                     |  1- 3 |  4- 6 |  7- 9 | 10-12 || total
---------------------------+-------+-------+-------+-------++-------
  Melee: War axe           |    98 |   111 |   220 |    63 ||   492
         Unarmed           |       |       |       |     3 ||     3
  Throw: Stone             |     1 |       |     3 |     5 ||     9
         Dart              |       |     1 |     5 |       ||     6
 Invoke: Heroism           |       |       |     3 |       ||     3
  Evoke: Wand              |       |       |     5 |       ||     5
    Use: Scroll            |     6 |    10 |     5 |     3 ||    24
         Potion            |       |     1 |       |       ||     1
 Armour: Scale mail        |    57 |    19 |       |       ||    76
         Chain mail        |       |    57 |   170 |    37 ||   264
         Skin              |       |       |       |     5 ||     5
  Dodge: Dodged            |    38 |    38 |    63 |    15 ||   154
  Block: Buckler           |    20 |    22 |    49 |     9 ||   100

Table legend: (Time is in decaauts)
 A = Elapsed time spent in this place.
 B = Non-inter-level travel time spent in this place.
 C = Inter-level travel time spent in this place.
 D = Time resting spent in this place.
 E = Time spent auto-exploring this place.
 F = Levels seen in this place.
 G = Mean time per level.
                   A        B        C        D        E       F      G
               +--------+--------+--------+--------+--------+-----+--------+
         Total |   8455 |   8167 |    288 |    361 |   6373 |   9 |  939.4 |
       Dungeon |   8455 |   8167 |    288 |    361 |   6373 |   9 |  939.4 |
               +--------+--------+--------+--------+--------+-----+--------+

Top non-repeatable levels by time:
     D:8: 1512 daAuts
     D:6: 1395 daAuts
     D:4: 1177 daAuts
     D:5: 974 daAuts
     D:9: 918 daAuts
     D:1: 733 daAuts
     D:7: 654 daAuts
     D:3: 557 daAuts
     D:2: 532 daAuts
